 Dungeon Crawl Stone Soup version 0.29-a0-477-g62b78b4225 (webtiles) character file.

Game seed: 10701242782792408721

333 siradein the Grave Robber (level 6, 0/48 (49) HPs)
             Began as a Naga Necromancer on May 24, 2022.
             Slain by a crimson imp (3 damage)
             ... on level 3 of the Dungeon.
             The game lasted 00:08:57 (2943 turns).

siradein the Grave Robber (Naga Necromancer)        Turns: 2943, Time: 00:08:58

HP:   0/48 (49)     AC:  4    Str: 10    XL:     6   Next: 52%
MP:   12/12         EV: 15    Int: 17    God:
Gold: 90            SH:  0    Dex: 12    Spells: 6/14 levels left

rFire   . . .      SeeInvis +   l - +4 mace
rCold   . . .      Faith    .   (no shield)
rNeg    + . .      Spirit   .   s - +0 animal skin
rPois   +          Reflect  .   r - +0 helmet
rElec   .          Harm     .   (no cloak)
rCorr   .          Rampage  .   (no gloves)
Will    .....                   (no barding)
Stlth   ++........              (no amulet)
HPRegen 0.16/turn               j - ring of positive energy
MPRegen 0.13/turn               (no ring)

@: agile, short of breath, lightly drained, very slow
A: AC +2, large, see invisible, deformed body, poison resistance, slowness 2,
spit poison 1, naga tail 1
a: Spit Poison


You were on level 3 of the Dungeon.
You visited 1 branch of the dungeon, and saw 3 of its levels.

You collected 90 gold pieces.

Inventory:

Hand Weapons
 l - a +4 mace (weapon)
Armour
 r - a +0 helmet (worn)
 s - a +0 animal skin (worn)
Jewellery
 g - a ring of fire
 j - a ring of positive energy (left hand)
Wands
 d - a wand of acid (4)
Scrolls
 c - a scroll of acquirement {unknown}
 e - 2 scrolls of vulnerability {unknown}
 f - a scroll of noise {unknown}
 i - 2 scrolls of identify {unknown}
 k - a scroll of amnesia {unknown}
 m - 2 scrolls of fear {unknown}
 q - a scroll of teleportation {unknown}
Potions
 b - a potion of magic
 h - 4 potions of lignification {unknown}
 n - a potion of mutation {unknown}
 o - 2 potions of attraction {unknown}
 p - a potion of degeneration {unknown}


   Skills:
 - Level 1.5 Dodging
 - Level 3.0 Stealth
 + Level 4.5 Spellcasting
 + Level 6.0 Necromancy


You had 6 spell levels left.
You knew the following spells:

 Your Spells              Type           Power      Damage    Failure   Level
a - Necrotize             Necr           96%        1d8       1%          1
b - Vampiric Draining     Necr           24%        2d7       3%          3
c - Animate Dead          Necr           24%        N/A       12%         4

Your spell library contained the following spells:

 Spells                   Type           Power      Damage    Failure   Level
 Apportation              Tloc           6%         N/A       16%         1
 Agony                    Necr           24%        N/A       34%         5
 Gell's Gravitas          Tloc           3%         N/A       41%         3
 Ozocubu's Armour         Ice            3%         N/A       41%         3
 Passage of Golubria      Tloc           3%         N/A       83%         4
 Silence                  Hex/Air        1%         N/A       99%         5
 Summon Forest            Summ/Tloc      1%         N/A       99%         5
 Ozocubu's Refrigeration  Ice            1%         4d5       100%        7
 Storm Form               Tmut/Air       1%         N/A       100%        7
 Lehudib's Crystal Spear  Conj/Erth      1%         10d2      100%        8


Dungeon Overview and Level Annotations

Branches:
Dungeon (3/15)

Altars:
Ashenzari
Makhleb
Wu Jian
Xom

Shops:
D:2 [


Innate Abilities, Weirdness & Mutations

Your serpentine skin is tough. (AC +2)
You have supernaturally acute eyesight. (SInv)
Armour fits poorly on your strangely shaped body.
Your system is resistant to poisons. (rPois)
You cover ground very slowly.
You can spit poison.
You have a snake-like lower body.


Message History

The crimson imp hits you with a +0 dagger of chaos.
* * * LOW HITPOINT WARNING * * *
You are confused.
You thump the crimson imp!
The crimson imp is heavily wounded.
The crimson imp blinks!
The crimson imp misses you.
The crimson imp hits you with a +0 dagger of chaos.
* * * LOW HITPOINT WARNING * * *
You miss the crimson imp.
The crimson imp blinks!
The crimson imp hits you but does no damage.
The crimson imp attacks as you move away!
The crimson imp closely misses you.
The crimson imp shouts, "Scamper away, thou dissembling full-gorged bounder!"
The crimson imp closely misses you. The crimson imp completely misses you.
Unknown command.
The crimson imp attacks as you move away!
The crimson imp barely misses you.
You bump into the rock wall.
You feel less confused.
The crimson imp hits you but does no damage.
The crimson imp blinks!
The crimson imp blinks!
The crimson imp hits you but does no damage.
The crimson imp completely misses you. The crimson imp hits you.
* * * LOW HITPOINT WARNING * * *
There is a stone staircase leading down, spattered with blood here.
The crimson imp hits you but does no damage.
The crimson imp closely misses you.
You climb downwards.
The crimson imp barely misses you.
There is a stone staircase leading up, spattered with blood here.
Unknown command.
Aiming: Spit Poison (1% risk of failure)
Press: ? - help, Shift-Dir - straight line, f - crimson imp
Aim: a crimson imp (41% to hit)
The splash of poison misses the crimson imp.
The crimson imp barely misses you. The crimson imp hits you.
* * * LOW HITPOINT WARNING * * *
The crimson imp hits you.
You die...

#......# #'####.#
#§§5..^.#.#
###._.###.# §...^
#.#
#####'####.#######
#.....# #....)...
#....## ####.....
#@5..# #####.
#55..# ##
#....####
#.......#
##.##...# #.# ...#
#.. .....
#.......#. ####
#..#....#.####...


You could see 3 crimson imps.

Vanquished Creatures
  A water moccasin (D:3)
  A black bear (D:3)
  Robin (D:3)
  3 gnolls (D:2)
  2 worms
  5 orcs (D:2)
  8 ball pythons
  2 endoplasms (D:1)
  4 giant cockroaches
  11 goblins
  11 hobgoblins
  2 jackals (D:1)
  5 bats
  3 frilled lizards
  4 kobolds
  6 rats
69 creatures vanquished.

Vanquished Creatures (collateral kills)
  A gnoll (D:2)
  An endoplasm (D:1)
  3 goblins
  A hobgoblin (D:3)
  A kobold (D:3)
7 creatures vanquished.

Grand Total: 76 creatures vanquished

Notes
Turn   | Place    | Note
-------+----------+-------------------------------------------
     0 | D:1      | siradein the Naga Necromancer began the quest for the Orb.
     0 | D:1      | Reached XP level 1. HP: 15/15 MP: 3/3
   214 | D:1      | Reached XP level 2. HP: 22/22 MP: 1/5
   327 | D:1      | Found a faded altar of an unknown god.
   514 | D:1      | Reached XP level 3. HP: 28/28 MP: 2/6
  1124 | D:2      | Learned a level 3 spell: Vampiric Draining
  1364 | D:2      | Found an ornate altar of the Wu Jian Council.
  1393 | D:2      | Found Sakixt's Antique Armour Shop.
  1582 | D:2      | Reached XP level 4. HP: 15/36 MP: 1/8
  1733 | D:2      | Reached skill level 5 in Necromancy
  2264 | D:3      | Learned a level 4 spell: Animate Dead
  2415 | D:3      | Found a broken altar of Ashenzari.
  2458 | D:3      | Noticed a water moccasin
  2468 | D:3      | Killed a water moccasin
  2469 | D:3      | Reached XP level 5. HP: 18/42 MP: 1/11
  2523 | D:3      | Reached XP level 6. HP: 23/49 MP: 4/12
  2633 | D:3      | Noticed Robin
  2640 | D:3      | Killed Robin
  2753 | D:3      | Got Sif Muna's Volume of Translocation and Weightlessness
  2775 | D:3      | Found a burning altar of Makhleb.
  2836 | D:3      | Noticed a black bear
  2842 | D:3      | Killed a black bear
  2843 | D:3      | Reached skill level 6 in Necromancy
  2896 | D:3      | Found a shimmering altar of Xom.
  2943 | D:3      | Slain by a crimson imp

Illustrated notes

Levels and vault maps discovered:
D:1:      wheals_arrival_linesprint, layout_basic,
          chequers_ecumenical_altar_simple_redux, serial_park_tiny_1
D:2:      minmay_skewed_foursquare, layout_rooms, basic_altar, serial_shops,
          shop
D:3:      layout_rooms, led_xom_imps, lemuel_tele_altar,
          chequers_temple_overflow_statue_of_worship, uniq_robin

Skill      XL: |  1  2  3  4  5  6 |
---------------+-------------------+-----
Spellcasting   | 3 4 |  4.5
Necromancy     | 5 6 |  6.0
Dodging        | |  1.5
Stealth        | |  3.0

Action                   |  1- 3 |  4- 6 || total
-------------------------+-------+-------++-------
Melee: Dagger            |     7 |       ||     7
       Mace              |     2 |    23 ||    25
 Cast: Necrotize         |    47 |    67 ||   114
 Abil: Spit Poison       |    20 |    22 ||    42
Armor: Robe              |     1 |    10 ||    11
       Animal skin       |       |    20 ||    20
Dodge: Dodged            |     7 |    76 ||    83

Table legend: (Time is in decaauts)
 A = Elapsed time spent in this place.
 B = Non-inter-level travel time spent in this place.
 C = Inter-level travel time spent in this place.
 D = Time resting spent in this place.
 E = Time spent auto-exploring this place.
 F = Levels seen in this place.
 G = Mean time per level.
                   A        B        C        D        E       F      G
               +--------+--------+--------+--------+--------+-----+--------+
         Total |   3503 |   3405 |     98 |      0 |   2870 |   3 | 1167.7 |
       Dungeon |   3503 |   3405 |     98 |      0 |   2870 |   3 | 1167.7 |
               +--------+--------+--------+--------+--------+-----+--------+

Top non-repeatable levels by time:
     D:2: 1617 daAuts
     D:1: 1124 daAuts
     D:3: 761 daAuts
